 Dungeon Crawl Stone Soup version 0.20.1-1-g8b1a95d (webtiles) character file.

899 polve the Spear-Bearer (level 8, -1/56 HPs)
             Began as a Merfolk Skald on July 18, 2017.
             Slain by an orc wizard
             ... wielding a +2 dagger of electrocution
              (13 damage)
             ... on level 5 of the Dungeon.
             The game lasted 00:08:14 (7375 turns).

polve the Spear-Bearer (Merfolk Skald)              Turns: 7375, Time: 00:08:15

Health: -1/56      AC:  4    Str: 15    XL:     8   Next: 7%
Magic:  10/11      EV: 15    Int: 14    God:
Gold:   188        SH:  0    Dex: 13    Spells: 5/11 levels left

rFire    . . .     SeeInvis .   e - +0 halberd
rCold    . . .     Gourm    .   (shield currently unavailable)
rNeg     . . .     Faith    .   b - +0 leather armour
rPois    .         Spirit   .   x - +0 helmet
rElec    .         Reflect  .   w - scarf {repulsion}
rCorr    .         Harm     .   (no gloves)
MR       .....                  (no boots)
Stlth    +.........             (no amulet)
Regen    0.2/turn               B - +3 ring of strength
MPRegen  0.2/turn               C - +3 ring of evasion

@: confused, repel missiles
A: change form in water, swift swim, stealthy swim
a: no special abilities


You were on level 5 of the Dungeon.
You were not hungry.

You visited 1 branch of the dungeon, and saw 5 of its levels.

You collected 188 gold pieces.

Inventory:

Hand Weapons
 a - a +0 spear
 e - a +0 halberd (weapon)
Armour
 b - a +0 leather armour (worn)
 w - a scarf of repulsion (worn)
 x - a +0 helmet (worn)
Jewellery
 l - an uncursed ring of protection from cold
 s - an uncursed ring of fire
 B - a +3 ring of strength (left hand)
 C - a +3 ring of evasion (right hand)
Scrolls
 g - 2 scrolls of blinking {unknown}
 i - a scroll of amnesia
 k - 3 scrolls of identify {unknown}
 m - a scroll of recharging {unknown}
 n - a scroll of noise {unknown}
 p - a scroll of random uselessness {unknown}
 q - a scroll of teleportation
 v - a scroll of fog {unknown}
 y - a scroll of enchant armour {unknown}
Potions
 j - a potion of magic {unknown}
 o - a potion of heal wounds {unknown}
 t - a potion of cancellation {unknown}
 u - a potion of mutation {unknown}
Books
 c - a book of Battle

   Spells                             Type                      Level
   a - Infusion                       Charms                       1
   b - Shroud of Golubria             Charms/Translocation         2
   c - Song of Slaying                Charms                       2
   d - Spectral Weapon                Hexes/Charms                 3
   e - Regeneration                   Charms/Necromancy            3
Comestibles
 d - 3 bread rations
 f - 3 royal jellies
 r - 3 meat rations


   Skills:
 - Level 2.1 Fighting
 + Level 8.4 Polearms
 - Level 0.6 Armour
 - Level 2.6 Dodging
 - Level 2.0 Spellcasting
 + Level 4.6 Hexes
 + Level 5.5 Charms
 - Level 2.0 Translocations


You had 5 spell levels left.
You knew the following spells:

 Your Spells              Type           Power        Failure   Level  Hunger
a - Infusion              Chrm           ###.         3%          1    ##.....
b - Shroud of Golubria    Chrm/Tloc      ##........   9%          2    ###....
c - Spectral Weapon       Hex/Chrm       ###.....     11%         3    ####...


Dungeon Overview and Level Annotations

Branches:
Dungeon (5/15)
 Temple: D:4-7

Altars:
Kikubaaqudgha
Nemelex Xobeh
Qazlal


Message History

You hear some strange, mumbled words.
A puff of flame appears from out of thin air!
The puff of flame misses you.
The puff of flame hits your spectral weapon.
Your spectral weapon resists.
Your spectral weapon shares its damage with you!
You bump into the rock wall.
Something hits you.
You completely miss something. Something hits you but does no damage.
You are electrocuted!
* * * LOW HITPOINT WARNING * * *
You bump into the rock wall.
Something hits you.
* * * LOW HITPOINT WARNING * * *
You bump into the rock wall.
You hear some strange, mumbled words.
A magic dart appears from out of thin air!
The magic dart hits you!
* * * LOW HITPOINT WARNING * * *
You bump into the rock wall.
Something hits you but does no damage.
You are electrocuted!
You die...

.+
................##
##
...o...o.....#..#
.....###...#....#
.# ... ###...####
# . ##.## #o# #o#
#{# #@# #(# #.#
#.# #.# ..# ###


You could see 2 orcs and a friendly spectral halberd.

Vanquished Creatures
  Sigmund (D:3)
  A gnoll sergeant (D:4)
  A scorpion (D:5)
  A howler monkey (D:4)
  An orc priest (D:4)
  2 hounds
  2 iguanas
  3 orc wizards (D:4)
  A worker ant (D:4)
  Terence (D:3)
  A worker ant zombie (D:5)
  7 gnolls (D:4)
  14 adders
  2 oozes
  4 worms
  4 dart slugs
  4 leopard geckos
  7 orcs
  2 ball pythons (D:3)
  12 bats
  8 giant cockroaches
  8 goblins
  7 hobgoblins
  6 jackals
  9 kobolds
  4 frilled lizards
  A giant cockroach zombie (D:4)
  5 rats
119 creatures vanquished.

Vanquished Creatures (others)
  2 spectral weapons (D:4)
2 creatures vanquished.

Grand Total: 121 creatures vanquished

Notes
Turn   | Place    | Note
-------+----------+-------------------------------------------
     0 | D:1      | polve the Merfolk Skald began the quest for the Orb.
     0 | D:1      | Reached XP level 1. HP: 16/16 MP: 3/3
   367 | D:1      | Reached XP level 2. HP: 22/22 MP: 0/5
   383 | D:1      | Learned a level 2 spell: Shroud of Golubria
   846 | D:1      | Reached skill level 1 in Translocations
  1044 | D:1      | Reached XP level 3. HP: 26/27 MP: 6/6
  1384 | D:2      | Learned a level 3 spell: Spectral Weapon
  1687 | D:2      | Reached XP level 4. HP: 28/33 MP: 2/7
  1942 | D:2      | Reached skill level 1 in Hexes
  2508 | D:2      | Found a stormy altar of Qazlal.
  2602 | D:2      | Reached skill level 4 in Polearms
  3146 | D:3      | Noticed Terence
  3163 | D:3      | Killed Terence
  3163 | D:3      | Reached XP level 5. HP: 14/38 MP: 3/8
  3187 | D:3      | Found a faded altar of an unknown god.
  3827 | D:3      | Noticed Sigmund
  3841 | D:3      | Killed Sigmund
  3841 | D:3      | Reached skill level 6 in Polearms
  3841 | D:3      | Reached XP level 6. HP: 21/44 MP: 2/9
  5356 | D:3      | Reached XP level 7. HP: 13/50 MP: 10/10
  5550 | D:4      | Reached skill level 7 in Polearms
  5978 | D:4      | Got an ichor-stained leather armour
  5989 | D:4      | Identified the +1 leather armour "Xilaics" {Int+7 Dex-4} (You found it on level 4 of the Dungeon)
  6118 | D:4      | Reached skill level 5 in Charms
  6127 | D:4      | Found a sparkling altar of Nemelex Xobeh.
  6616 | D:4      | Reached skill level 8 in Polearms
  7096 | D:5      | Entered Level 5 of the Dungeon
  7142 | D:5      | Reached XP level 8. HP: 41/56 MP: 7/11
  7145 | D:5      | Found an ancient bone altar of Kikubaaqudgha.
  7375 | D:5      | Slain by an orc wizard

Skill      XL: |  1  2  3  4  5  6  7 |
---------------+----------------------+-----
Charms         | 4 5 |  5.5
Translocations | 1 2 |  2.0
Hexes          | 2 3 4 |  4.6
Polearms       | 4 6 8 |  8.4
Fighting       | |  2.1
Armour         | |  0.6
Dodging        | |  2.6
Spellcasting   | |  2.0

Action                   |  1- 3 |  4- 6 |  7- 9 || total
-------------------------+-------+-------+-------++-------
Melee: Spear             |   103 |   244 |    42 ||   389
       Tailslap          |       |     1 |     2 ||     3
       Halberd           |       |       |   124 ||   124
 Cast: Infusion          |    15 |    15 |     7 ||    37
       Spectral Weapon   |       |     4 |     5 ||     9
       Shroud of Golubri |       |     1 |     1 ||     2
  Use: Potion            |       |     6 |       ||     6
       Scroll            |       |     3 |       ||     3
 Stab: Sleeping          |     1 |     1 |       ||     2
       Distracted        |       |     1 |     2 ||     3
  Eat: Chunk             |     3 |    12 |     8 ||    23
Armor: Leather armour    |    15 |    33 |    32 ||    80
Dodge: Dodged            |    59 |   210 |   149 ||   418
       Deflected         |       |     1 |     2 ||     3
